 Dungeon Crawl Stone Soup version 0.30-a0-1122-g620db56ad9 (webtiles) character file.

Game seed: 8123655836635675721

16 Kenran the Charlatan (level 2, -2/22 HPs)
             Began as a Demonspawn Artificer on Apr 22, 2023.
             Slain by a cerulean imp
             ... wielding a +2 spear
             ... summoned by Natasha
              (5 damage)
             ... on level 2 of the Dungeon.
             The game lasted 00:02:02 (893 turns).

Kenran the Charlatan (Demonspawn Artificer)          Turns: 893, Time: 00:02:02

Health: -2/22      AC:  7    Str: 12    XL:     2   Next: 41%
Magic:  2/2        EV:  9    Int: 12    God:
Gold:   122        SH:  0    Dex: 13    Spells: 1/1 levels left

rFire   . . .        (no weapon)
rCold   . . .        (no shield)
rNeg    . . .        g - +0 scale mail
rPois   .            (no helmet)
rElec   .            (no cloak)
rCorr   .            h - +0 pair of gloves
SInv    .            (no boots)
Will    .....        (no amulet) Stlth
                     (no ring)
HPRegen 0.23/turn    (no ring)
MPRegen 0.08/turn

%: no passive effects
@: slowed, very slow
A: claws 1
a: no special abilities


You were on level 2 of the Dungeon.
You visited 1 branch of the dungeon, and saw 2 of its levels.

You collected 122 gold pieces.

Inventory:

Missiles
 b - 2 throwing nets
Armour
 g - a +0 scale mail (worn)
 h - a +0 pair of gloves (worn)
Wands
 c - a wand of flame (15) (quivered)
 d - a wand of charming (15)
 e - a wand of iceblast (5)
Scrolls
 f - a scroll of poison {unknown}
 i - a scroll of identify {unknown}
 j - a scroll of vulnerability {unknown}
 l - a scroll of noise {unknown}
Potions
 a - a potion of mutation {unknown}
 k - a potion of curing {unknown}


   Skills:
 - Level 2.1 Fighting
 - Level 1.7 Armour
 - Level 0.8 Dodging
 - Level 0.8 Stealth
 + Level 0.9 Unarmed Combat
 - Level 3.0 Evocations


You had one spell level left.
You didn't know any spells.
Your spell library was empty.

Dungeon Overview and Level Annotations

Branches:
Dungeon (2/15)

Altars:

Annotations:
D:1 exclusion: downstairs
D:2 Natasha, Terence


Innate Abilities, Weirdness & Mutations

You have sharp fingernails.


Message History

j - a scroll labelled PILUNK DYRRIXU
k - a sapphire potion
l - a scroll labelled UVEBENW WYIFIOCI Natasha hisses angrily.
Found a scroll labelled ZECAQO LIAL.
Found a stone staircase leading down.
Found a barding.
Natasha claws you.
You hit Natasha but do no damage. Natasha claws you.
You closely miss Natasha.
Natasha extends her claws.
Natasha barely misses you.
You barely miss Natasha. Natasha claws you but does no damage.
You hit Natasha but do no damage. You hit Natasha but do no damage.
Natasha barely misses you.
You hit Natasha.
Natasha is lightly wounded.
Natasha claws you.
You hit Natasha.
Natasha is lightly wounded.
Natasha stares at you and mumbles some strange words.
The magic dart hits you.
You are too injured to fight recklessly!
You are too injured to fight recklessly!
You hit Natasha but do no damage.
Natasha is lightly wounded.
Natasha casts a spell.
You completely miss Natasha.
Natasha is lightly wounded.
Natasha stares at you and mumbles some strange words.
You feel yourself slow down.
You barely miss Natasha.
Natasha is lightly wounded.
Natasha claws you.
* * * LOW HITPOINT WARNING * * *
The cerulean imp barely misses you. Natasha closely misses you.
You closely miss Natasha.
Natasha is lightly wounded.
The cerulean imp barely misses you. Natasha claws you.
* * * LOW HITPOINT WARNING * * *
The cerulean imp hits you from afar with a +2 spear.
You die...

...##......##...... .
.#.............. .
................. ..
.........######.# .?.
..#.#.....# ....
.##..##...##### .....
##.##.......#
.>....####..........#
.......@.###........#
......h#............#.#.
......5.####..##.#......
[.....#.?..##..#.#.##...
....#.####.......#..#...
...... .................
..... #####.....###....
#. .. #......###..#.
..###.##.#......#.


You could see Natasha and a cerulean imp (summoned).

Vanquished Creatures
  A ball python (D:1)
  A bat (D:1)
  4 endoplasms
  A giant cockroach (D:1)
  2 goblins (D:1)
  A hobgoblin (D:1)
  A kobold (D:2)
  A frilled lizard (D:1)
  A rat (D:1)
13 creatures vanquished.

Vanquished Creatures (others)
  A fungus (D:1)
  2 toadstools (D:1)
3 creatures vanquished.

Grand Total: 16 creatures vanquished

Notes
Turn   | Place    | Note
-------+----------+-------------------------------------------
     0 | D:1      | Kenran the Demonspawn Artificer began the quest for the
                  | Orb.
     0 | D:1      | Reached XP level 1. HP: 15/15 MP: 1/1
   306 | D:1      | Gained mutation: You have sharp fingernails. [demonic
                  | ancestry]
   306 | D:1      | Reached XP level 2. HP: 19/22 MP: 2/2
   701 | D:2      | Noticed Terence
   703 | D:2      | Noticed Natasha
   893 | D:2      | Slain by a cerulean imp

Illustrated notes

Levels and vault maps discovered:
D:1:      enne_arrival_octagon_isle, layout_basic, minmay_gold_behind_fungi,
          chequers_jeans
D:2:      layout_rooms, uniq_terence, uniq_natasha

Skill      XL: |  1 |
---------------+----+-----
Fighting       | 2 |  2.1
Armour         | |  1.7
Dodging        | |  0.8
Stealth        | |  0.8
Unarmed Combat | |  0.9
Evocations     | |  3.0

Action                     || total
---------------------------++-------
  Melee: Club              ||    41
         Punch             ||     1
         Unarmed           ||    47
 Armour: Ring mail         ||    21
         Leather armour    ||     1
         Scale mail        ||    17
  Dodge: Dodged            ||    36

Table legend: (Time is in decaauts)
 A = Elapsed time spent in this place.
 B = Non-inter-level travel time spent in this place.
 C = Inter-level travel time spent in this place.
 D = Time resting spent in this place.
 E = Time spent auto-exploring this place.
 F = Levels seen in this place.
 G = Mean time per level.
                   A        B        C        D        E       F      G
               +--------+--------+--------+--------+--------+-----+--------+
         Total |    905 |    860 |     45 |    110 |    391 |   2 |  452.5 |
       Dungeon |    905 |    860 |     45 |    110 |    391 |   2 |  452.5 |
               +--------+--------+--------+--------+--------+-----+--------+

Top non-repeatable levels by time:
     D:1: 743 daAuts
     D:2: 162 daAuts
